Map: Rooftop Terrace

Players

JaySlays

  • Race: Terran Terran
  • Spawn Location: 1:00

Wolf

  • Race: Terran Terran
  • League: Diamond
  • Spawn Location: 12:00

TassadarZ

  • Race: Terran Terran
  • Spawn Location: 11:00

HunterKiller

  • Race: Protoss Protoss
  • Spawn Location: 12:00

Shocks

  • Race: Terran Terran
  • Spawn Location: 7:00

DarK

  • Race: Terran Terran
  • Spawn Location: 6:00

XDxDarkSoul

  • Race: Terran Terran
  • Spawn Location: 6:00

ruthlessone

  • Race: Protoss Protoss
  • League: Platinum
  • Spawn Location: 5:00

VOD

Have the link to the VOD?

Description

Time

  • Played on: April 15, 2018, 9:36 p.m.
  • Length: 4:43
Show
View Real Time Build Order
Export as new Build Order

JaySlays Terran 

Build Orders:  

Get SALT Encoding   

  12  0:01  SCV  
  13  0:13  SCV  
  14  0:25  SCV  
  14  0:26  Supply Depot  
  15  0:43  Refinery  
  15  0:48  SCV  
  16  0:50  Barracks  
  16  1:00  SCV  
  17  1:12  SCV  
  18  1:24  SCV  
  19  1:36  SCV  
  20  1:45  Barracks Reactor  
  20  1:49  Supply Depot, Command Center  
  20  1:58  Orbital Command  
  20  2:12  Factory  
  20  2:16  Refinery  
  20  2:23  Marine x2  
  20  2:27  SCV  
  23  2:39  SCV  
  23  2:41  Marine x2  
  26  2:52  SCV  
  26  2:55  Barracks  
  27  3:01  Factory Tech Lab  
  27  3:04  SCV  
  28  3:09  Marine x2  
  30  3:16  SCV  
  30  3:17  Orbital Command  
  31  3:25  Siege Tank  
  34  3:28  SCV  
  35  3:36  Marine x2  
  35  3:40  SCV  
  38  3:44  Barracks Tech Lab  
  38  3:47  Starport  
  38  3:49  SCV  
  38  3:52  SCV  
  40  3:57  Engineering Bay  
  40  4:02  Marine x2  
  42  4:04  Marine  
  43  4:10  Supply Depot  
  43  4:12  SCV  
  44  4:21  Marine  
  44  4:22  Marine  
Show
View Real Time Build Order
Export as new Build Order

Wolf Terran 

Build Orders:  

Get SALT Encoding   

  12  0:01  SCV  
  13  0:13  SCV  
  14  0:19  Supply Depot  
  14  0:25  SCV  
  15  0:40  SCV  
  15  0:41  Barracks  
  16  0:52  SCV  
  16  0:54  Refinery  
  17  1:04  SCV  
  18  1:17  SCV  
  20  1:36  Orbital Command  
  20  1:38  Reaper  
  20  1:47  Command Center  
  20  1:56  Barracks  
  20  2:01  SCV  
  21  2:16  Barracks Reactor, SCV  
  22  2:22  Refinery  
  22  2:23  Supply Depot  
  22  2:30  SCV  
  23  2:45  Barracks Tech Lab, SCV, Factory  
  24  2:57  SCV  
  24  3:00  Marine x2  
  26  3:06  Marine  
  26  3:09  Bunker  
  26  3:10  Orbital Command  
  27  3:15  SCV  
  27  3:19  Marine  
  28  3:21  Marine  
  28  3:24  Marine  
  31  3:30  Factory Reactor  
  31  3:35  Starport  
  31  3:36  Factory Reactor  
  31  3:38  SCV  
  33  3:41  SCV  
  33  3:46  Marine  
  33  3:48  Marine  
  34  3:50  Marine, SCV  
  37  4:01  Supply Depot  
  37  4:04  Marine  
  37  4:06  Marine  
  37  4:07  SCV x2  
  37  4:08  Marine  
  42  4:22  Factory Tech Lab  
Show
View Real Time Build Order
Export as new Build Order

TassadarZ Terran 

Build Orders:  

Get SALT Encoding   

  12  0:02  SCV  
  13  0:20  Supply Depot  
  13  0:24  SCV  
  14  0:36  SCV  
  14  0:42  Supply Depot  
  15  0:48  SCV  
  16  0:59  Barracks  
  16  1:00  SCV  
  17  1:10  Refinery  
  17  1:12  SCV  
  17  1:14  Refinery  
  18  1:24  SCV  
  19  1:49  Command Center  
  19  1:56  Marine  
  20  2:06  Orbital Command  
  20  2:14  Marine  
  21  2:16  Supply Depot  
  21  2:32  Marine, SCV  
  23  2:44  SCV  
  23  2:46  Factory  
  23  2:49  Marine  
  25  2:56  SCV  
  26  3:03  SCV  
  27  3:07  Marine  
  27  3:08  SCV  
  29  3:15  SCV  
  30  3:21  SCV  
  31  3:27  SCV  
  31  3:30  Factory Tech Lab  
  31  3:33  SCV  
  33  3:34  Starport  
  33  3:39  SCV  
  34  3:45  SCV  
  34  3:46  Armory  
  35  3:51  SCV  
  36  3:57  SCV, Widow Mine  
  39  4:04  SCV  
  39  4:09  SCV  
  41  4:10  Refinery  
  41  4:13  Refinery  
  41  4:21  SCV, Starport Tech Lab  
Show
View Real Time Build Order
Export as new Build Order

HunterKiller Protoss 

Build Orders:  

Get SALT Encoding   

  12  0:16  Probe (Chrono Boost)  
  13  0:28  Probe (Chrono Boost)  
  14  0:44  Pylon  
  14  0:49  Probe  
  15  1:02  Probe  
  16  1:15  Gateway  
  16  1:23  Assimilator  
  16  1:32  Assimilator  
  16  1:49  Probe (Chrono Boost)  
  17  1:59  Probe (Chrono Boost)  
  18  2:04  Pylon  
  18  2:25  Probe (Chrono Boost)  
  19  2:35  Probe (Chrono Boost)  
  20  2:38  Cybernetics Core  
  20  2:50  Pylon  
  20  3:05  Nexus  
  20  3:20  Stargate  
  20  3:28  Stargate  
  20  3:35  Stargate  
  20  4:07  Probe  
  21  4:19  Probe  
  22  4:28  Fleet Beacon  
  22  4:31  Probe, Pylon  
Show
View Real Time Build Order
Export as new Build Order

Shocks Terran 

Build Orders:  

Get SALT Encoding   

  12  0:00  SCV  
  13  0:17  SCV  
  14  0:22  Supply Depot  
  14  0:29  SCV  
  14  0:31  Refinery  
  15  0:43  SCV  
  15  0:46  Barracks  
  16  0:55  SCV  
  17  1:10  Barracks  
  18  1:11  SCV  
  18  1:23  SCV  
  19  1:38  Barracks Tech Lab  
  19  1:39  Barracks  
  19  1:42  Orbital Command  
  19  1:57  Marine  
  19  1:59  Stimpack  
  19  2:00  Marine  
  21  2:06  Supply Depot  
  21  2:16  Refinery  
  21  2:17  Marine  
  21  2:22  Marine  
  23  2:27  Marine  
  24  2:32  Factory  
  25  2:37  SCV  
  25  2:38  Marine  
  26  2:50  Marine  
  26  2:51  Marine  
  28  2:56  Marine  
  28  2:57  SCV  
  30  3:04  Supply Depot  
  30  3:14  Marine  
  30  3:19  Marine  
  32  3:20  Factory Tech Lab  
  32  3:23  Marine  
  33  3:39  Barracks Reactor  
  33  3:40  Barracks Reactor  
  33  3:41  Siege Tank  
  33  3:46  SCV  
  37  4:08  SCV  
  37  4:09  Marine  
  39  4:13  Command Center  
  39  4:22  Marine x2  
Show
View Real Time Build Order
Export as new Build Order

DarK Terran 

Build Orders: Cyclone Opening 

Get SALT Encoding   

  12  0:04  SCV  
  13  0:16  SCV  
  13  0:19  Supply Depot  
  14  0:31  Refinery  
  14  0:48  Barracks  
  14  0:49  SCV  
  15  1:01  SCV, Refinery  
  16  1:13  SCV  
  17  1:36  Barracks Reactor  
  17  1:44  Factory  
  17  1:47  Orbital Command  
  17  1:55  Supply Depot  
  17  2:12  SCV  
  18  2:28  Supply Depot  
  18  2:37  Barracks Tech Lab  
  18  2:39  Cyclone x2  
  24  2:57  Marine  
  25  3:09  Supply Depot  
  25  3:11  Cyclone x2  
  31  3:17  Marauder  
  33  3:58  SCV  
  34  4:12  Command Center  
Show
View Real Time Build Order
Export as new Build Order

XDxDarkSoul Terran 

Build Orders:  

Get SALT Encoding   

  12  0:01  SCV  
  13  0:13  SCV  
  14  0:24  Supply Depot  
  14  0:25  SCV  
  15  0:45  SCV  
  15  0:48  Barracks  
  16  0:57  SCV  
  17  1:09  SCV  
  18  1:19  Barracks  
  18  1:22  Barracks  
  18  1:25  SCV  
  19  1:26  Barracks  
  19  1:40  SCV  
  19  1:41  Supply Depot  
  20  1:47  Marine  
  20  1:54  Orbital Command  
  21  2:05  Marine x2  
  23  2:15  Marine, Refinery  
  23  2:16  Marine  
  23  2:22  Marine  
  25  2:23  Marine  
  27  2:33  Marine  
  27  2:34  Marine  
  27  2:36  SCV  
  30  2:40  Marine  
  31  2:53  Refinery  
  31  2:59  Supply Depot  
  31  3:04  Supply Depot  
  31  3:21  Marine x4, SCV  
  36  3:27  Supply Depot  
  36  3:33  SCV  
  37  3:35  Barracks  
  37  3:38  Marine x4  
  41  3:49  Supply Depot  
  41  3:56  Marine x4  
  45  4:14  Marine x4  
  49  4:22  Barracks Tech Lab  
Show
View Real Time Build Order
Export as new Build Order

ruthlessone Protoss 

Build Orders:  

Get SALT Encoding   

  12  0:02  Probe  
  14  0:14  Probe  
  14  0:22  Pylon  
  14  0:26  Probe  
  15  0:40  Probe  
  15  0:42  Gateway  
  16  0:52  Probe  
  17  1:00  Assimilator  
  18  1:04  Probe (Chrono Boost)  
  18  1:14  Gateway  
  18  1:15  Probe (Chrono Boost)  
  19  1:20  Probe (Chrono Boost)  
  19  1:23  Assimilator  
  20  1:29  Cybernetics Core  
  20  1:32  Probe (Chrono Boost)  
  21  1:43  Probe (Chrono Boost)  
  21  1:46  Pylon  
  22  1:47  Probe (Chrono Boost)  
  22  1:51  Pylon  
  23  2:08  Robotics Facility  
  23  2:11  Stalker  
  25  2:20  Stalker  
  27  2:41  Stalker  
  29  2:50  Stalker  
  31  2:52  Immortal (Chrono Boost)  
  35  3:01  Pylon  
  35  3:21  Immortal (Chrono Boost)  
  35  3:23  Zealot  
  41  3:29  Zealot  
  43  3:39  Pylon  
  43  3:55  Observer  
  52  4:20  Probe  
Tags
 
Add a new tag
Caveats
  • Supply blocks, unpowered buildings, or Contaminate may cause inaccurate times.
  • Supply counts are checked every 10 seconds.